 Dungeon Crawl Stone Soup version 0.17-a0-755-g4391640 (webtiles) character file.

72 ololoev the Digger (level 3, 0/28 HPs)
             Began as a Demigod Wanderer on Apr 22, 2015.
             Slain by Crazy Yiuf
             ... wielding a +4 quarterstaff of chaos
              (5 damage)
             ... on level 2 of the Dungeon.
             The game lasted 00:08:07 (2433 turns).

ololoev the Digger (Demigod Wanderer)               Turns: 2433, Time: 00:08:07

Health: 0/28       AC:  3    Str: 15    XL:     3   Next: 82%
Magic:  5/9        EV: 11    Int: 23    God:
Gold:   122        SH:  0    Dex: 13    Spells: 1 memorised, 5 levels left

rFire  . . .     SeeInvis .     b - 18 stones
rCold  . . .     Clarity  .     e - +0 robe
rNeg   . . .     SustAb   +     (no shield)
rPois  .         Gourm    .     (no helmet)
rElec  .         Spirit   .     (no cloak)
rCorr  .         Warding  .     (no gloves)
rMut   +         Stasis   .     h - +0 pair of boots
MR     .....                    l - amulet of resist mutation
Stlth  ++........               t - +3 ring of intelligence
                                o - ring of wizardry

@: not resistant to hostile enchantments, unstealthy
A: high mp 1, sustain abilities
a: no special abilities


Innate Abilities, Weirdness & Mutations

You have an increased reservoir of magic (+10% MP).
Your attributes are resistant to harm.

Inventory:

Hand weapons
 a - a +0 short sword of holy wrath
 k - a +1 shortbow
Missiles
 b - 18 stones (in hand)
 c - 18 arrows
Armour
 e - a +0 robe (worn)
 h - a +0 pair of boots (worn)
Jewellery
 l - an amulet of resist mutation (around neck)
 o - a ring of wizardry (left hand)
 t - a +3 ring of intelligence (right hand)
Scrolls
 d - 2 scrolls of teleportation
 g - a scroll of enchant weapon
 j - a scroll of blinking {unknown}
 m - a scroll of remove curse {unknown}
 q - a scroll of enchant armour {unknown}
 v - a scroll of amnesia {unknown}
 w - a scroll of random uselessness {unknown}
Potions
 r - a potion of resistance {unknown}
 s - a potion of curing {unknown}
 u - a potion of heal wounds {unknown}
 z - 2 potions of might {unknown}
 A - a potion of magic {unknown}
Books
 i - a book of Geomancy

   Spells                             Type                      Level
   a - Sandblast                      Earth                        1
   b - Stoneskin                      Transmutation/Earth          2
   c - Passwall                       Transmutation/Earth          3
   d - Stone Arrow                    Conjuration/Earth            3
   e - Petrify                        Transmutation/Earth          4
   f - Lee's Rapid Deconstruction     Earth                        5
Comestibles
 f - a bread ration
 n - 3 fruits
 p - 2 slices of pizza
 x - 2 meat rations
 B - a royal jelly


   Skills:
 - Level 1.0 Fighting
 - Level 1.7 Armour
 - Level 1.0 Stealth
   Level 1.0 Shields
 + Level 2.2 Spellcasting
   Level 1.7 Summonings
 * Level 3.2 Earth Magic


You had 5 spell levels left.
You knew the following spells:

 Your Spells              Type           Power        Failure   Level  Hunger
a - Sandblast             Erth           ###...       1%          1    None


You were on level 2 of the Dungeon.
You were not hungry.

You visited 1 branch of the dungeon, and saw 2 of its levels.

You collected 122 gold pieces.

#.# # #.# #.# #.###### >......#
#### ..###### # #... ...#####
♣♣♣♣♣### #.##.## ....##.#
♣♣♣.♣....## #...... ...#...#
♣g@♣......######.## #.##.#.#
#.(...♣♣♣♣......#####.# #.##.#(#
#)..# ♣♣...........# #.##.#.# ###
♣♣###.####### #'##.#.# #.#
...#...# #.# # ....#..#######
#.## ## ......##.##..# #..## ##.
......##.#...###########...####..

Notes
Turn   | Place    | Note
--------------------------------------------------------------
     0 | D:1      | ololoev, the Demigod Wanderer, began the quest for the Orb.
     0 | D:1      | ololoev set off with: a book of Geomancy, a +0 shortbow, 23 arrows, a scroll of teleportation, a +0 robe, a bread ration
     0 | D:1      | Reached XP level 1. HP: 16/16 MP: 5/5
     2 | D:1      | Learned a level 1 spell: Sandblast
   265 | D:1      | Reached XP level 2. HP: 11/23 MP: 7/7
   458 | D:1      | Reached skill level 2 in Earth Magic
  1054 | D:1      | Reached XP level 3. HP: 8/28 MP: 1/8
  1773 | D:2      | Reached skill level 3 in Earth Magic
  2426 | D:2      | Noticed Crazy Yiuf
  2433 | D:2      | Slain by Crazy Yiuf

Dungeon Overview and Level Annotations

Branches:
Dungeon (2/15)

Annotations:
D:2 Crazy Yiuf


Message History

k - a +1 shortbow (weapon)
Firing (i - inventory. (,) - cycle):
c - 19 arrows (quivered)
Press: ? - help, Shift-Dir - straight line, f - Crazy Yiuf
Aim: Crazy Yiuf, wielding a quarterstaff of chaos and wearing a glowing cloak You shoot an arrow.
The arrow hits Crazy Yiuf.
Crazy Yiuf is lightly wounded.
Crazy Yiuf says, "Nubble sanguine green!"
Wield which item (- for none, * to show all)? (? for menu, Esc to quit)
b - 22 stones (in hand)
Casting: Sandblast
Confirm with . or Enter, or press ? or * to list all spells.
Aiming: Sandblast
Press: ? - help, Shift-Dir - straight line, f/p - Crazy Yiuf
Aim: Crazy Yiuf, wielding a quarterstaff of chaos and wearing a glowing cloak (lightly wounded)
The rocky blast hits Crazy Yiuf.
Crazy Yiuf is lightly wounded.
Casting: Sandblast
Confirm with . or Enter, or press ? or * to list all spells.
Aiming: Sandblast
Press: ? - help, Shift-Dir - straight line, f/p - Crazy Yiuf
Aim: Crazy Yiuf, wielding a quarterstaff of chaos and wearing a glowing cloak (lightly wounded)
The rocky blast hits Crazy Yiuf.
Crazy Yiuf is moderately wounded.
Casting: Sandblast
Confirm with . or Enter, or press ? or * to list all spells.
Aiming: Sandblast
Press: ? - help, Shift-Dir - straight line, f/p - Crazy Yiuf
Aim: Crazy Yiuf, wielding a quarterstaff of chaos and wearing a glowing cloak (moderately wounded)
The rocky blast hits Crazy Yiuf.
Crazy Yiuf is moderately wounded.
Crazy Yiuf hits you with a quarterstaff of chaos!
Casting: Sandblast
Confirm with . or Enter, or press ? or * to list all spells.
Aiming: Sandblast
Press: ? - help, Shift-Dir - straight line, f/p - Crazy Yiuf
Aim: Crazy Yiuf, wielding a quarterstaff of chaos and wearing a glowing cloak (moderately wounded)
The rocky blast misses Crazy Yiuf.
Crazy Yiuf hits you with a quarterstaff of chaos!
Crazy Yiuf freezes you.
You die...

You could see Crazy Yiuf.

Vanquished Creatures
  An adder (D:2)
  An ooze (D:1)
  2 worms (D:2)
  A giant gecko (D:1)
  2 ball pythons
  3 giant cockroaches
  8 hobgoblins
  4 jackals (D:1)
  4 bats
  4 giant newts
  7 goblins
  6 kobolds
  9 rats
52 creatures vanquished.

Action                   || total
-------------------------++-------
Melee: Dagger            ||    72
       Spear             ||    26
       Short sword       ||    91
 Fire: Shortbow          ||    36
 Cast: Sandblast         ||    14
  Use: Scroll            ||     1
 Stab: Sleeping          ||     3
  Eat: Chunk             ||     5

Vault maps used:
D:1:      dpeg_arrival_rhombus
D:2:      minmay_misc_feat_roman, minmay_box_of_dots, uniq_crazy_yiuf_cottage
